 Dungeon Crawl Stone Soup version 0.31-a0-329-g52107efa6a (webtiles) character file.

Game seed: 11724398637167511224

144 AdnanSaban the Covered (level 5, 0/33 HPs)
             Began as a Gargoyle Fighter on July 18, 2023.
             Slain by Eustachio
             ... wielding a +0 rapier
              (4 damage)
             ... on level 4 of the Dungeon.
             The game lasted 00:03:06 (2218 turns).

AdnanSaban the Covered (Gargoyle Fighter)           Turns: 2218, Time: 00:03:06

Health: 0/33       AC:  4    Str: 21    XL:     5   Next: 26%
Magic:  5/5        EV:  9    Int:  9    God:
Gold:   192        SH:  4    Dex:  9    Spells: 4/4 levels left

rFire   . . .        n - +1 whip (venom)
rCold   . . .        c - +0 buckler
rNeg    + + +        b - +0 scale mail
rPois   ∞            i - +0 helmet
rElec   +            u - +2 cloak
rCorr   .            j - +0 pair of gloves
SInv    .            (no boots)
Will    .....        (no amulet) Stlth
                     p - ring of positive energy
HPRegen 0.25/turn    q - ring of positive energy
MPRegen 0.09/turn

%: no passive effects
@: corroded
A: sickness immunity, AC +4, negative energy resistance 1, electricity
resistance, torment resistance 1, petrification resistance
a: no special abilities


You were on level 4 of the Dungeon.
You visited 1 branch of the dungeon, and saw 4 of its levels.

You collected 192 gold pieces.

Inventory:

Hand Weapons
 n - a +1 whip of venom (weapon)
Armour
 b - a +0 scale mail (worn)
 c - a +0 buckler (worn)
 i - a +0 helmet (worn)
 j - a +0 pair of gloves (worn)
 u - a +2 cloak (worn)
Jewellery
 p - a ring of positive energy (left hand)
 q - a ring of positive energy (right hand)
Wands
 s - a wand of charming (8)
Scrolls
 a - 2 scrolls of identify {unknown}
 f - a scroll of enchant weapon {unknown}
 h - a scroll of silence {unknown}
 k - a scroll of teleportation {unknown}
 l - a scroll of fear {unknown}
 m - a scroll of fog {unknown}
 o - a scroll of enchant armour {unknown}
 r - a scroll of vulnerability {unknown}
 t - a scroll of torment {unknown}
 v - a scroll of immolation {unknown}
Potions
 d - 2 potions of might
 e - 2 potions of curing {unknown}
 g - 2 potions of degeneration {unknown}


   Skills:
 + Level 3.9 Fighting
 + Level 3.7 Maces & Flails
 + Level 4.3 Armour
 + Level 3.8 Shields


You had 4 spell levels left.
You didn't know any spells.
Your spell library contained the following spells:

 Spells                   Type           Power      Damage    Failure   Level
 Summon Small Mammal      Summ           0%         N/A       78%         1
 Call Canine Familiar     Summ           0%         N/A       98%         3
 Portal Projectile        Hex/Tloc       0%         N/A       98%         3
 Summon Guardian Golem    Hex/Summ       0%         N/A       98%         3
 Tukima's Dance           Hex            0%         N/A       98%         3
 Iskenderun's Mystic Bla  Conj/Tloc      0%         2d3       100%        4


Dungeon Overview and Level Annotations

Branches:
Dungeon (4/15)
 Temple: D:4-7

Altars:

Annotations:
D:4 Eustachio


Innate Abilities, Weirdness & Mutations

You are immune to sickness and miasma.
Your stone body is resilient. (AC +4)
You are immune to poison.
You resist negative energy. (rN+)
You are resistant to electric shocks. (rElec)
You are resistant to unholy torment.
You are immune to petrification.


Message History

You hit Eustachio.
Eustachio is lightly wounded.
Eustachio casts a spell.
Eustachio blinks!
You closely miss the white imp. You block the white imp's attack.
You hit the jelly. The acid corrodes you!
Your hands burn!
The jelly is lightly wounded.
You block the jelly's attack. The white imp gestures at you.
The puff of frost hits you but does no damage.
You hit the jelly. The acid corrodes you!
Your hands burn!
The jelly is moderately wounded.
You block the jelly's attack.
The white imp hits you but does no damage.
You hit the jelly but do no damage.
Your hands burn!
The jelly is moderately wounded.
The jelly hits you but does no damage.
You hit the jelly.
Your hands burn!
The jelly is heavily wounded.
The white imp misses you. The jelly hits you.
You are splashed with acid!
You are too injured to fight recklessly!
You are too injured to fight recklessly!
You are too injured to fight recklessly!
You are too injured to fight recklessly!
The jelly attacks as you move away! The jelly barely misses you.
The white imp gestures at you.
The puff of frost hits you but does no damage.
The jelly attacks as you move away! The jelly hits you but does no damage.
The white imp gestures at you. The puff of frost hits you.
The jelly attacks as you move away! The jelly hits you. The acid corrodes you!
You are splashed with acid!
* * * LOW HITPOINT WARNING * * *
Eustachio looks more healthy.
The jelly attacks as you move away! You block the jelly's attack.
Eustachio mumbles some strange words.
Eustachio blinks!
The jelly attacks as you move away! The jelly completely misses you.
Eustachio attacks as you move away! Eustachio hits you with a +0 rapier.
You die...

# ....##.######.#
#..........†...#####
#..................#
#.............####.#
#....##.####### #.#
#.... #.##########.#
#.#+ #............#
#. #######.######
#.@.#.#.# #..#@.#.##
#..###.o#.# #..#
##.)## #..# ##5.#
#.# ##J# #. ##..# #
# ##5o## #..#.#..#.#


You could see Eustachio, a jelly, a white imp (summoned) and an orc.

Vanquished Creatures
  An orc priest (D:3)
  5 adders
  A worm (D:2)
  A dart slug (D:1)
  5 orcs (D:3)
  5 ball pythons
  5 bats
  3 endoplasms
  2 giant cockroaches
  10 hobgoblins
  2 jackals (D:2)
  3 kobolds (D:1)
  A quokka (D:1)
  2 frilled lizards (D:2)
  6 goblins
  6 rats
58 creatures vanquished.

Notes
Turn   | Place    | Note
-------+----------+-------------------------------------------
     0 | D:1      | AdnanSaban the Gargoyle Fighter began the quest for the
                  | Orb.
     0 | D:1      | Reached XP level 1. HP: 14/14 MP: 1/1
    73 | D:1      | Found a faded altar of an unknown god.
   406 | D:1      | Reached XP level 2. HP: 19/19 MP: 2/2
   623 | D:1      | Reached XP level 3. HP: 23/23 MP: 3/3
  1245 | D:2      | Reached XP level 4. HP: 29/29 MP: 4/4
  1368 | D:2      | Reached skill level 4 in Armour
  1674 | D:3      | Reached XP level 5. HP: 11/33 MP: 5/5
  1959 | D:4      | Noticed an ogre
  2201 | D:4      | Noticed Eustachio
  2218 | D:4      | Slain by Eustachio

Illustrated notes

Levels and vault maps discovered:
D:1:      zaba_arrival_water, layout_basic,
          shapermc_ecumenical_altar_mp_vishouse, minivault_5,
          minmay_pentomino_o2
D:2:      layout_loops_ring, minmay_misc_feat_rows,
          minmay_misc_feat_secret_circle, minmay_tripent
D:3:      layout_rooms
D:4:      minmay_diamond_boxcup, layout_basic, minmay_liquid_box,
          uniq_eustachio, uniq_pikel

Skill      XL: |  1  2  3  4 |
---------------+-------------+-----
Armour         | 4 |  4.3
Maces & Flails | 3 |  3.7
Fighting       | |  3.9
Shields        | |  3.8

Action                     |  1- 3 |  4- 6 || total
---------------------------+-------+-------++-------
  Melee: Flail             |    47 |       ||    47
         Whip              |    58 |    83 ||   141
 Armour: Scale mail        |    54 |    48 ||   102
  Dodge: Dodged            |    66 |    41 ||   107
  Block: Buckler           |    17 |    21 ||    38

Table legend: (Time is in decaauts)
 A = Elapsed time spent in this place.
 B = Non-inter-level travel time spent in this place.
 C = Inter-level travel time spent in this place.
 D = Time resting spent in this place.
 E = Time spent auto-exploring this place.
 F = Levels seen in this place.
 G = Mean time per level.
                   A        B        C        D        E       F      G
               +--------+--------+--------+--------+--------+-----+--------+
         Total |   2237 |   2132 |    105 |     81 |   1577 |   4 |  559.2 |
       Dungeon |   2237 |   2132 |    105 |     81 |   1577 |   4 |  559.2 |
               +--------+--------+--------+--------+--------+-----+--------+

Top non-repeatable levels by time:
     D:1: 871 daAuts
     D:2: 789 daAuts
     D:3: 468 daAuts
     D:4: 107 daAuts
